 Dungeon Crawl Stone Soup version 0.23.1 (webtiles) character file.

Game seed: 3091795022387223595

29274 Norn the Whirler (level 13, -1/93 HPs)
             Began as a Halfling Hunter on Mar 16, 2019.
             Was a Priest of Trog.
             Slain by a dire elephant (17 damage)
             ... on level 4 of the Lair of Beasts.
             The game lasted 00:49:54 (24363 turns).

Norn the Whirler (Halfling Hunter)                 Turns: 24363, Time: 00:49:55

Health: -1/93      AC:  9    Str: 16    XL:     13   Next: 79%
Magic:  0/13       EV: 22    Int: 10    God:    Trog [***...]
Gold:   893        SH:  0    Dex: 16    Spells: 12/12 levels left

rFire    . . .     SeeInvis .   I - +2 dagger (venom)
rCold    . . .     Gourm    .   (shield restricted)
rNeg     . . .     Faith    +   M - +1 ring mail
rPois    .         Spirit   +   L - +0 helmet
rElec    .         Reflect  .   h - scarf {Spirit}
rCorr    .         Harm     .   (no gloves)
MR       .....                  (no boots)
Stlth    +.........             y - amulet of faith {!P}
HPRegen  0.25/turn              (no ring)
MPRegen  0.13/turn              (no ring)

@: no status effects
A: small, mutation resistance 1
a: Berserk, Trog's Hand, Renounce Religion


You were on level 4 of the Lair of Beasts.
You worshipped Trog.
Trog was most pleased with you.
You were hungry.

You visited 3 branches of the dungeon, and saw 17 of its levels.

You collected 938 gold pieces.
You spent 45 gold pieces at shops.

Inventory:

Hand Weapons
 a - a +2 hunting sling
 b - a +0 short sword
 I - a +2 dagger of venom (weapon)
   (You took it off an orc wizard on level 10 of the Dungeon)
Missiles
 l - 68 stones (quivered)
 m - 87 sling bullets
 J - 2 throwing nets {!f}
 N - 9 poisoned needles
Armour
 c - a +0 pair of boots
   (You found it on level 11 of the Dungeon)
 h - a scarf of spirit shield (worn)
   (You found it on level 1 of the Dungeon)
 K - a cursed +0 plate armour
   (You found it on level 10 of the Dungeon)
 L - a +0 helmet (worn)
   (You found it on level 10 of the Dungeon)
 M - a +1 ring mail (worn)
   (You found it on level 1 of the Dungeon)
Jewellery
 y - an amulet of faith (around neck) {!P}
   (You found it on level 7 of the Dungeon)
Wands
 d - a wand of iceblast (19)
   (You found it on level 1 of the Lair of Beasts)
 f - a wand of enslavement (20)
   (You found it on level 4 of the Dungeon)
 t - a wand of flame (4)
   (You took it off Erolcha on level 10 of the Dungeon)
 v - a wand of digging (2)
   (You found it on level 5 of the Dungeon)
 x - a wand of acid (10)
   (You took it off Maurice on level 9 of the Dungeon)
 P - a wand of polymorph (3)
   (You found it on level 3 of the Lair of Beasts)
Scrolls
 g - a scroll of fear
 j - 12 scrolls of identify {@r1}
 o - 2 scrolls of immolation {!r}
 p - 7 scrolls of remove curse {@r2}
 s - 5 scrolls of enchant weapon
 C - 3 scrolls of fog {unknown}
 E - a scroll of magic mapping {unknown}
 F - 2 scrolls of silence
 G - 3 scrolls of enchant armour
 O - a scroll of torment {unknown}
Potions
 i - 8 potions of flight
 k - a potion of ambrosia
 q - a potion of brilliance {unknown}
 r - a potion of invisibility {unknown}
 u - a potion of mutation {unknown}
 w - a potion of curing {@q1}
 z - a potion of berserk rage {unknown}
 A - 3 potions of lignification {unknown}
 B - a potion of heal wounds {unknown}
 D - a potion of cancellation {unknown}
 H - a potion of haste {unknown}
 Q - a potion of might {unknown}
Comestibles
 e - 20 rations {!d}


   Skills:
 + Level 10.5 Fighting
 + Level 18.7 Slings
 + Level 8.8 Armour
 + Level 12.3 Dodging
 - Level 1.1 Stealth


You had 12 spell levels left.
You didn't know any spells.
Your spell library was empty.

Dungeon Overview and Level Annotations

Branches:
Dungeon (11/15)            Temple (1/1) D:4            Lair (5/6) D:10
  Swamp (0/4) Lair:3        Snake (0/4) Lair:2          Orc (0/2) D:11
  Slime: Lair:5-6

Altars:
Ashenzari
Cheibriados
Dithmenos
Elyvilon
Fedhas
Gozag
Hepliaklqana
Kikubaaqudgha
Makhleb
Nemelex Xobeh
Okawaru
Qazlal
Ru
Sif Muna
Trog
Uskayaw
Vehumet
Wu Jian
Xom
Yredelemnul
Zin
The Shining One

Shops:
D:4 (   D:6 }:*   D:7 %

Annotations:
D:2 1 runed translucent door, Crazy Yiuf
D:3 fire vault
D:5 1 runed translucent door, Honti's ghost, novice HOBe
D:8 2 runed translucent doors, acidapple's ghost, novice HuAr
Lair:2 exclusion: 3 oklob plants


Innate Abilities, Weirdness & Mutations

You are small and have problems with some larger weapons.
You are somewhat resistant to further mutation.


Message History

Your black bear claws the dire elephant but does no damage.
The dire elephant closely misses you. The dire elephant barely misses you.
You hit the dire elephant but do no damage.
The dire elephant looks as sick as possible!
Your black bear bites the dire elephant!
Your black bear claws the dire elephant. x2
The dire elephant barely misses you. The dire elephant closely misses you.
You hit the dire elephant but do no damage.
The dire elephant looks as sick as possible!
Your black bear bites the dire elephant but does no damage.
Your black bear claws the dire elephant but does no damage. x2
Your black bear bites the dire elephant but does no damage.
Your black bear completely misses the dire elephant.
Your black bear claws the dire elephant!
The dire elephant tramples your black bear!!
Your black bear holds its ground!
The dire elephant barely misses your black bear.
You hit the dire elephant but do no damage.
The dire elephant looks as sick as possible!
Your black bear bites the dire elephant!
Your black bear completely misses the dire elephant.
Your black bear claws the dire elephant.
The dire elephant tramples you!
You stumble backwards!
You hit the dire elephant but do no damage.
The dire elephant looks as sick as possible!
Your black bear bites the dire elephant but does no damage.
Your black bear claws the dire elephant but does no damage. x2
The dire elephant tramples your black bear.
Your black bear stumbles backwards!
Your black bear bites the dire elephant.
Your black bear completely misses the dire elephant.
Your black bear claws the dire elephant but does no damage.
The dire elephant tramples your black bear!
Your black bear holds its ground!
Your black bear dies!
Your black bear's corpse disappears in a puff of smoke!
The dire elephant trumpets!
You hit the dire elephant but do no damage.
The dire elephant looks as sick as possible!
The dire elephant barely misses you.
The dire elephant trunk-slaps you but does no damage.
You hit the dire elephant but do no damage.
The dire elephant tramples you!!
* * * LOW HITPOINT WARNING * * *
You stumble backwards!
The dire elephant tramples you!!
* * * LOW HITPOINT WARNING * * *
You stumble backwards!
You feel better. The dire elephant tramples you!!
You die...

### #.##### # ## #.#######
####....### ..##
#######....#.####.#........
...####.##........#..............
.....##.###.............<........
.............>...................
....###...............#.#........
...## ##..##..........##.#.......
.P..# #..#.....@Y..######...##..
....####...........## #.......
..(................# #....♣..
.................#.# ♣.......
................#### #♣♣......
....##.........## ####........
.....#..##.....## ###..♣........
........##.....P# ##.............
................# #.........(....


You could see a dire elephant.

Vanquished Creatures
  Harold (D:11)
  Erolcha (D:10)
  A catoblepas (Lair:2)
  A hydra (D:11)
  3 two-headed ogres
  Sonja (Lair:4)
  Pikel (D:7)
  An ugly thing (D:11)
  10 elephants (Lair:4)
  Maurice (D:9)
  3 black mambas
  A gargoyle (D:11)
  4 spiny frogs
  A rime drake (Lair:1)
  3 komodo dragons
  5 trolls
  A hornet (D:9)
  A polar bear (Lair:3)
  3 blink frogs (Lair:3)
  3 hippogriffs (Lair:2)
  A vampire (D:11)
  A wyvern (Lair:1)
  24 yaks
  A spriggan (Lair:4)
  A wraith (D:11)
  A hungry ghost (D:9)
  2 basilisks (Lair:1)
  3 vampire mosquitoes (Lair:3)
  A warg (D:11)
  Duvessa (D:4)
  6 porcupines
  10 water moccasins
  4 orc warriors
  4 sky beasts
  2 slaves
  2 black bears
  2 phantoms
  3 ogres
  12 wolves (Lair:4)
  2 necrophages
  5 centaurs
  5 crocodiles
  13 bullfrogs
  4 scorpions
  A wyvern skeleton (D:8)
  Dowan (D:4)
  13 wights
  10 howler monkeys
  An electric eel (Lair:3)
  4 crimson imps
  2 quasits
  3 bullfrog skeletons
  4 orc priests
  2 hounds
  9 orc wizards
  2 centaur skeletons
  4 iguanas
  11 worker ants
  2 hound zombies
  11 adders
  A river rat (D:5)
  A shadow imp (D:11)
  3 oozes
  An adder zombie (D:9)
  An adder skeleton (D:4)
  3 worms
  3 dart slugs
  4 leopard geckos
  26 orcs
  11 giant cockroaches
  6 goblins
  10 hobgoblins
  6 jackals
  4 quokkas
  2 ball pythons
  6 bats
  3 frilled lizards
  A jackal skeleton (D:6)
  A jackal zombie (D:9)
  6 kobolds
  4 rats
  2 plants
341 creatures vanquished.

Vanquished Creatures (others)
  77 fungi (Lair:4)
  41 plants
118 creatures vanquished.

Grand Total: 459 creatures vanquished

Notes
Turn   | Place    | Note
-------+----------+-------------------------------------------
     0 | D:1      | Norn the Halfling Hunter began the quest for the Orb.
     0 | D:1      | Reached XP level 1. HP: 14/14 MP: 1/1
    84 | D:1      | Reached skill level 6 in Slings
   111 | D:1      | Reached XP level 2. HP: 19/19 MP: 2/2
   412 | D:1      | Reached XP level 3. HP: 24/24 MP: 3/3
  1144 | D:2      | Found a runed translucent door.
  1145 | D:2      | Noticed Crazy Yiuf
  1201 | D:2      | Reached XP level 4. HP: 30/30 MP: 4/4
  1336 | D:2      | Reached skill level 7 in Slings
  1680 | D:3      | Reached XP level 5. HP: 35/35 MP: 5/5
  2656 | D:4      | Found a staircase to the Ecumenical Temple.
  2666 | Temple   | Entered the Ecumenical Temple
  2823 | Temple   | Became a worshipper of Trog the Wrathful
  2955 | D:4      | Found Huligaoc's Antique Weapon Shop.
  3022 | D:4      | Reached skill level 8 in Slings
  3065 | D:4      | Reached XP level 6. HP: 34/42 MP: 4/6
  3551 | D:4      | Found a shattered altar of Ashenzari.
  3631 | D:4      | Noticed Duvessa
  3632 | D:4      | Noticed Dowan
  3650 | D:4      | Killed Duvessa
  3650 | D:4      | Reached skill level 9 in Slings
  3650 | D:4      | Reached XP level 7. HP: 40/46 MP: 5/7
  3661 | D:4      | Killed Dowan
  3977 | D:5      | Entered Level 5 of the Dungeon
  4177 | D:5      | Found a runed translucent door.
  4177 | D:5      | Noticed Honti's ghost (novice HOBe)
  4577 | D:5      | Reached * piety under Trog
  4963 | D:6      | Reached skill level 10 in Slings
  5023 | D:6      | Reached XP level 8. HP: 54/54 MP: 8/8
  5357 | D:6      | Found Efuhur's General Store.
  5388 | D:6      | Bought a scroll of teleportation for 45 gold pieces
  5426 | D:6      | Found an iron altar of Okawaru.
  5443 | D:6      | Reached skill level 5 in Dodging
  5812 | D:6      | Found Goremuan's Book Shop.
  5943 | D:6      | Found Meitho's Gadget Shop.
  6212 | D:7      | Reached skill level 11 in Slings
  6254 | D:7      | Noticed Pikel
  6891 | D:7      | Killed Pikel
  6891 | D:7      | Reached skill level 5 in Fighting
  6891 | D:7      | Reached skill level 12 in Slings
  6891 | D:7      | Reached XP level 9. HP: 54/60 MP: 7/9
  7271 | D:7      | Found Reriofap's Food Shop.
  7642 | D:8      | Reached skill level 13 in Slings
  7746 | D:8      | Reached ** piety under Trog
  8404 | D:8      | Found a large runed translucent door.
  8404 | D:8      | Found a large runed translucent door.
  8405 | D:8      | Noticed acidapple's ghost (novice HuAr)
  8609 | D:8      | Reached XP level 10. HP: 67/67 MP: 10/10
  8805 | D:9      | Noticed a two-headed ogre
  8812 | D:9      | Killed a two-headed ogre
  8812 | D:9      | Reached skill level 14 in Slings
  9131 | D:9      | Paralysed by a hornet for 3 turns
  9136 | D:9      | Reached skill level 15 in Slings
  9738 | D:9      | Found a shimmering altar of Xom.
 10098 | D:9      | Reached *** piety under Trog
 10159 | D:9      | Noticed Maurice
 10175 | D:9      | Killed Maurice
 10175 | D:9      | Reached XP level 11. HP: 49/74 MP: 6/11
 10574 | D:10     | Entered Level 10 of the Dungeon
 10779 | D:10     | Reached skill level 16 in Slings
 10796 | D:10     | Reached skill level 1 in Armour
 11118 | D:10     | Noticed Erolcha
 11137 | D:10     | Killed Erolcha
 11431 | D:10     | Found a staircase to the Lair.
 12016 | D:10     | Noticed a two-headed ogre
 12035 | D:10     | Killed a two-headed ogre
 12065 | D:10     | Found an ornate altar of the Wu Jian Council.
 12473 | D:10     | Reached skill level 10 in Dodging
 12878 | D:11     | Reached **** piety under Trog
 13155 | D:11     | Found a staircase to the Orcish Mines.
 13202 | D:11     | Noticed a four-headed hydra
 13210 | D:11     | Killed a four-headed hydra
 13210 | D:11     | Reached XP level 12. HP: 83/83 MP: 12/12
 13246 | D:11     | Noticed a two-headed ogre
 13262 | D:11     | Killed a two-headed ogre
 13262 | D:11     | Reached skill level 17 in Slings
 13849 | D:11     | Noticed Harold
 13869 | D:11     | Killed Harold
 13869 | D:11     | Reached skill level 5 in Armour
 15057 | Lair:1   | Entered Level 1 of the Lair of Beasts
 16728 | Lair:2   | Received a gift from Trog
 16823 | Lair:2   | Noticed a catoblepas
 16856 | Lair:2   | Killed a catoblepas
 17366 | Lair:2   | Found a staircase to the Snake Pit.
 17519 | Lair:2   | Reached XP level 13. HP: 81/91 MP: 8/13
 18517 | Lair:2   | HP: 4/92 [acid (16)]
 19727 | Lair:3   | Reached skill level 18 in Slings
 19908 | Lair:3   | Found a staircase to the Swamp.
 20149 | Lair:3   | Reached skill level 10 in Fighting
 21036 | Lair:4   | Received a gift from Trog
 21097 | Lair:4   | HP: 6/138 [elephant (9)]
 21790 | Lair:4   | You fall through a shaft!
 23449 | Lair:4   | Noticed Sonja
 23454 | Lair:4   | Killed Sonja
 23454 | Lair:4   | Noticed a dire elephant
 24363 | Lair:4   | Slain by a dire elephant

Skill      XL: |  1  2  3  4  5  6  7  8  9 10 11 12 13 |
---------------+----------------------------------------+-----
Slings         | 6 7 8 9 10 12 13 15 16 17 18 | 18.7
Fighting       | 2 3 4 5 6 7 8 9 10 | 10.5
Dodging        | 3 4 6 7 8 10 11 12 | 12.3
Armour         | 4 7 8 |  8.8
Stealth        | |  1.1

Action                   |  1- 3 |  4- 6 |  7- 9 | 10-12 | 13-15 || total
-------------------------+-------+-------+-------+-------+-------++-------
Melee: Short sword       |    23 |       |    16 |    14 |    48 ||   101
       Dagger            |       |       |       |    19 |   290 ||   309
       Hunting sling     |       |       |       |       |     2 ||     2
 Fire: Hunting sling     |    65 |   189 |   482 |  1072 |   496 ||  2304
Invok: Berserk           |       |       |       |     3 |     8 ||    11
       Brothers in Arms  |       |       |       |       |     1 ||     1
Evoke: Wand              |       |       |       |     1 |     5 ||     6
  Use: Scroll            |       |       |     8 |     3 |     6 ||    17
       Potion            |       |       |       |     1 |     5 ||     6
  Eat: Chunk             |     1 |     7 |    11 |    26 |     8 ||    53
       Ration            |       |       |     1 |     1 |     6 ||     8
Armor: Ring mail         |    12 |    17 |    22 |    43 |   114 ||   208
Dodge: Dodged            |    22 |    47 |   120 |   301 |   608 ||  1098
